 Dungeon Crawl Stone Soup version 0.32-a0-41-gec2d92a32c (webtiles) character file.

Game seed: 12813174305433529438

65 Newt the Insei (level 4, -2/43 HPs)
             Began as an Octopode Shapeshifter on Jan 25, 2024.
             Slain by an orc priest
             ... wielding a +0 hand axe
              (7 damage)
             ... on level 4 of the Dungeon.
             The game lasted 00:01:53 (2543 turns).

Newt the Insei (Octopode Shapeshifter)              Turns: 2543, Time: 00:01:54

Health: -2/43      AC:  1    Str: 19    XL:     4   Next: 14%
Magic:  4/4        EV: 13    Int: 12    God:
Gold:   164        SH:  0    Dex: 13    Spells: 3/3 levels left

rFire   . .          .
                       - Unarmed
rCold   . . .        (no shield)
rNeg    . . .        (helmet currently unavailable)
rPois   .            h - amulet of magic regeneration
rElec   .            j - +6 ring of strength
rCorr   .            (no ring)
SInv    .            (no ring)
Will    .....        (no ring) Stlth
                     (no ring)
HPRegen 0.27/turn    (no ring)
MPRegen 0.49/turn    (no ring)
                     (no ring)

%: no passive effects
@: berserking, beast-form, very quick
A: beast (slay +2), almost no armour, amphibious, 8 rings, camouflage 1,
gelatinous body 1, (nimble swimmer 1), tentacles
a: Begin Untransformation


You were on level 4 of the Dungeon.
You were a hulking beast.
You visited 1 branch of the dungeon, and saw 4 of its levels.

You collected 200 gold pieces.
You spent 36 gold pieces at shops.

Inventory:

Jewellery
 h - an amulet of magic regeneration (around mantle)
 j - a +6 ring of strength (left tentacle)
 l - a ring of protection from cold
Talismans
 b - a beast talisman
 c - a flux talisman
Wands
 m - a wand of iceblast (5)
Scrolls
 d - a scroll of enchant armour
 e - a scroll of enchant weapon
 i - 2 scrolls of teleportation
 n - 2 scrolls of identify
Potions
 a - 2 potions of lignification
 f - a potion of invisibility
 g - a potion of curing


   Skills:
 + Level 1.9 Fighting
 - Level 2.0 Dodging
 * Level 3.8 Unarmed Combat
 * Level 3.6 Shapeshifting


You had 3 spell levels left.
You didn't know any spells.
Your spell library contained the following spells:

 Spells                   Type           Power      Damage    Failure   Level
 Dazzling Flash           Conj/Hex       0%         N/A       69%         3
 Mephitic Cloud           Conj/Alch/Air  0%         N/A       69%         3
 Vhi's Electric Charge    Tloc/Air       0%         N/A       97%         4
 Arcjolt                  Conj/Air       0%         1d10      100%        5
 Curse of Agony           Necr           0%         N/A       100%        5
 Silence                  Hex/Air        0%         N/A       100%        5
 Plasma Beam              Fire/Air       0%         2x1d10    100%        6


Dungeon Overview and Level Annotations

Branches:
Dungeon (4/15)
 Temple: D:4-7

Altars:
Dithmenos
The Shining One

Shops:
D:2 !


Innate Abilities, Weirdness & Mutations

You are a hulking beast.
Your limbs bulge with bestial killing power. (Slay +2)
You cannot wear most types of armour.
You are amphibious.
You can wear up to eight rings at the same time.
Your skin changes colour to match your surroundings (Stealth+).
Your rubbery body absorbs attacks. (AC +1, EV +1)
((You are camouflaged when in or above water. (Stealth+)))
You have tentacles for arms and can constrict up to eight enemies at once.


Message History

The orc wizard flickers and vanishes!
Deactivating autopickup; reactivate with Ctrl-A.
The orc shouts!
You hear a shout!
Unknown command.
The orc hits you with a +0 dagger.
You closely miss something. Your squeeze misses something.
You hear some strange, mumbled words.
You are confused.
The orc priest hits you but does no damage.
The orc hits you with a +0 dagger.
Unknown command.
You bump into the rock wall.
The orc priest hits you with a +0 hand axe.
The orc hits you with a +0 dagger.
Unknown command.
You closely miss the orc priest. Your squeeze misses the orc priest.
You hear some strange, mumbled words.
A magic dart appears from out of thin air!
The magic dart hits you. The orc barely misses you.
The orc priest barely misses you.
You feel better. The orc hits you with a +0 dagger. Something hits you.
The orc hits you with a +0 short sword.
The orc priest mumbles some strange prayers to Beogh against you.
Pain shoots through your body!
A red film seems to cover your vision as you go berserk!
You feel yourself moving faster!
You feel mighty! The orc closely misses you.
You hear some strange, mumbled words.
Something tries to affect you, but you resist.
The orc priest hits you with a +0 hand axe!
* * * LOW HITPOINT WARNING * * *
The orc barely misses you.
You closely miss the orc priest. You grab the orc priest.
You constrict the orc priest, but do no damage.
The orc hits you with a +0 dagger.
* * * LOW HITPOINT WARNING * * *
Something hits you.
* * * LOW HITPOINT WARNING * * *
The orc priest hits you with a +0 hand axe!
You die...

##### ### #
#.#####
......### ...
..# #
###.##.##.#.##
#..{ho........
#..oo#.#######
#....#.#
#....#[#
#....#.#
#....#.#### ##
#<...#....# #.
####.#.##.# #.
#..#.# #.


You could see an orc priest and 2 orcs.

Vanquished Creatures
  3 adders (D:3)
  An orc (D:2)
  4 endoplasms
  A giant cockroach (D:3)
  A goblin (D:1)
  4 hobgoblins
  5 kobolds
  A quokka (D:1)
  5 ball pythons
  6 bats
  5 frilled lizards
  3 rats (D:1)
39 creatures vanquished.

Notes
Turn   | Place    | Note
-------+----------+-------------------------------------------
     0 | D:1      | Newt the Octopode Shapeshifter began the quest for the Orb.
     0 | D:1      | Reached XP level 1. HP: 13/13 MP: 1/1
   263 | D:1      | Reached XP level 2. HP: 18/18 MP: 2/2
   861 | D:2      | Found Okeajo's Distillery.
   865 | D:2      | Found a shadowy altar of Dithmenos.
   875 | D:2      | Bought a potion of curing for 36 gold pieces
   980 | D:2      | Reached XP level 3. HP: 20/23 MP: 3/3
  1930 | D:3      | Found a glowing golden altar of the Shining One.
  1943 | D:3      | Reached XP level 4. HP: 29/29 MP: 4/4
  2543 | D:4      | Slain by an orc priest

Illustrated notes

Levels and vault maps discovered:
D:1:      arrival_zaba_pyramid, layout_loops_ring, serial_forest,
          infiniplex_forest_clump_cross, infiniplex_forest_lined_corner,
          infiniplex_forest_straight_2, infiniplex_forest_end_3,
          infiniplex_forest_straight_2, infiniplex_forest_straight_4,
          infiniplex_forest_lined_3
D:2:      layout_basic, basic_altar, serial_shops, shop, eino_tiny_chamber
D:3:      layout_loops_cross, mainiacjoe_overflow_24_doors,
          minmay_misc_feat_chi, corexii_corridor_pit,
          nicolae_concentric_dashed_squares_mild, minmay_gold_behind_fungi,
          minivault_19, minmay_pentomino_pile
D:4:      layout_basic, gammafunk_temple_overflow_wave, nicolae_shop_vocational

Action                     |  1- 3 |  4- 6 || total
---------------------------+-------+-------++-------
  Melee: Unarmed           |    59 |     6 ||    65
         Constrict         |    16 |     2 ||    18
         Tentacles         |    10 |       ||    10
    Use: Scroll            |     7 |     1 ||     8
         Potion            |       |     2 ||     2
   Stab: Sleeping          |    10 |     1 ||    11
         Distracted        |     2 |       ||     2
 Armour: Skin              |    19 |    13 ||    32
  Dodge: Dodged            |    31 |     6 ||    37

Table legend: (Time is in decaauts)
 A = Elapsed time spent in this place.
 B = Non-inter-level travel time spent in this place.
 C = Inter-level travel time spent in this place.
 D = Time resting spent in this place.
 E = Time spent auto-exploring this place.
 F = Levels seen in this place.
 G = Mean time per level.
                   A        B        C        D        E       F      G
               +--------+--------+--------+--------+--------+-----+--------+
         Total |   2537 |   2490 |     47 |      0 |   2214 |   4 |  634.2 |
       Dungeon |   2537 |   2490 |     47 |      0 |   2214 |   4 |  634.2 |
               +--------+--------+--------+--------+--------+-----+--------+

Top non-repeatable levels by time:
     D:1: 821 daAuts
     D:3: 731 daAuts
     D:2: 603 daAuts
     D:4: 381 daAuts
